 Dungeon Crawl Stone Soup version 0.29.0-10-g45618ea6d2 (webtiles) character file.

Game seed: 15474513989659995282

455 voltaire321 the Sneak (level 7, -1/40 HPs)
             Began as a Kobold Enchanter on Sept 1, 2022.
             Slain by a lemure (4 damage)
             ... led by Pikel
             ... on level 4 of the Dungeon.
             The game lasted 00:11:01 (5069 turns).

voltaire321 the Sneak (Kobold Enchanter)            Turns: 5069, Time: 00:11:01

Health: -1/40      AC:  3    Str:  7    XL:     7   Next: 26%
Magic:  10/12      EV: 16    Int: 17    God:
Gold:   164        SH:  0    Dex: 15    Spells: 7/12 levels left

rFire   . . .      SeeInvis .   h - +1 dagger (freeze)
rCold   + . .      Faith    .   (no shield)
rNeg    . . .      Spirit   .   b - +0 robe
rPois   .          Reflect  .   (no helmet)
rElec   .          Harm     .   u - +0 cloak
rCorr   .          Rampage  .   (no gloves)
Will    +....                   (no boots)
Stlth   ++++......              (no amulet)
HPRegen 0.13/turn               j - ring of willpower
MPRegen 0.13/turn               r - ring of protection from cold

@: no status effects
A: small, no large weapons, nightstalker 3
a: no special abilities


You were on level 4 of the Dungeon.
You visited 1 branch of the dungeon, and saw 4 of its levels.
You also visited: Ossuary.

You collected 164 gold pieces.

Inventory:

Hand Weapons
 a - a +1 dagger
 h - a +1 dagger of freezing (weapon)
 D - the +7 quarterstaff "Bear Cevutt" {venom, rF+ rN+ Int+2}
   (You found it on level 4 of the Dungeon)

   It poisons the flesh of those it strikes.
   Int:       It affects your intelligence (+2).
   rF:        It protects you from fire.
   rN:        It protects you from negative energy.
Missiles
 g - 21 poisoned darts (quivered)
 x - 6 curare-tipped darts
Armour
 b - a +0 robe (worn)
 u - a +0 cloak (worn)
Jewellery
 j - a ring of willpower (left hand)
 r - a ring of protection from cold (right hand)
Scrolls
 e - 2 scrolls of enchant weapon {unknown}
 i - 2 scrolls of fear {unknown}
 k - 3 scrolls of torment {unknown}
 m - 3 scrolls of noise {unknown}
 o - a scroll of enchant armour {unknown}
 p - 4 scrolls of identify {unknown}
 v - a scroll of brand weapon {unknown}
 y - 2 scrolls of teleportation {unknown}
 z - 3 scrolls of immolation {unknown}
 A - a scroll of magic mapping {unknown}
 C - 2 scrolls of poison {unknown}
 E - 2 scrolls of blinking {unknown}
Potions
 c - 2 potions of invisibility
 d - a potion of might {unknown}
 f - 2 potions of cancellation {unknown}
 l - a potion of mutation {unknown}
 n - 2 potions of curing {unknown}
 q - 2 potions of brilliance {unknown}
 s - a potion of heal wounds
 t - 5 potions of lignification {unknown}
 w - a potion of berserk rage {unknown}
 B - a potion of flight {unknown}
 F - a potion of attraction {unknown}


   Skills:
 + Level 2.6 Fighting
 + Level 3.8 Short Blades
 + Level 4.1 Dodging
 + Level 5.5 Stealth
 + Level 3.3 Spellcasting
 + Level 4.0 Hexes
 + Level 1.7 Ice Magic


You had 7 spell levels left.
You knew the following spells:

 Your Spells              Type           Power      Damage    Failure   Level
a - Ensorcelled Hibernat  Hex/Ice        24%        N/A       8%          2
b - Tukima's Dance        Hex            16%        N/A       10%         3

Your spell library contained the following spells:

 Spells                   Type           Power      Damage    Failure   Level
 Confusing Touch          Hex            16%        N/A       10%         3
 Apportation              Tloc           4%         N/A       17%         1
 Dazzling Flash           Conj/Hex       18%        N/A       22%         3
 Poisonous Vapours        Pois/Air       4%         N/A       26%         2
 Corpse Rot               Necr/Pois/Air  2%         N/A       86%         4


Dungeon Overview and Level Annotations

Branches:
Dungeon (4/15)            Ossuary (visited)
 Temple: D:4-7

Altars:
Kikubaaqudgha
Okawaru

Annotations:
D:4 Pikel


Innate Abilities, Weirdness & Mutations

You are small and have problems with some larger weapons.
You are completely attuned to the shadows.


Message History

The lemure shouts!
There is an open door here.
There is an open door here.
The lemure attacks as you move away! The lemure hits you.
A lemure comes into view.
A lemure comes into view.
The lemure barely misses you. The lemure attacks as you move away!
The lemure misses you.
The lemure shouts!
Pikel closely misses you.
There is an open door here.
Cast which spell? (? or * to list)
Aiming: Tukima's Dance (dangerous; 10% risk of failure)
Press: ? - help, Shift-Dir - straight line, f - Pikel
Aim: Pikel, wielding a +0 whip of flaming and wearing a +0 robe (chance to affect: 50%)
Okay, then.
Casting: Tukima's Dance (dangerous; 10% risk of failure)
Confirm with . or Enter, or press ? or * to list all spells.
Aiming: Ensorcelled Hibernation (safe; 8% risk of failure)
Press: ? - help, Shift-Dir - straight line, f - Pikel
Aim: Pikel, wielding a +0 whip of flaming and wearing a +0 robe (chance to affect: 46%) Pikel looks drowsy...
The lemure hits you! The lemure closely misses you.
The helpless Pikel fails to defend himself.
You impale Pikel!! You freeze Pikel.
Pikel is almost dead.
The lemure barely misses you. The lemure hits you.
Pikel hits you but does no damage.
You hit Pikel. You freeze Pikel.
Pikel is almost dead.
The lemure hits you. The lemure hits you but does no damage.
Pikel hits you with a +0 whip of flaming!
* * * LOW HITPOINT WARNING * * *
Pikel burns you.
* * * LOW HITPOINT WARNING * * *
You hit Pikel but do no damage.
Pikel is almost dead.
The lemure hits you.
* * * LOW HITPOINT WARNING * * *
The lemure hits you.
You die...

#.# #.#
###.#######....####..
..# #.#
#....................
### #.#
#.#...######...###...
#.# #.#.#'######..##
#<#. #.#
#.#.#.....'...# #.#.
#.# #.#.#.###.###.#
#.#. ### #.# #.#.#5#
#.# #.####.##
##.###.#####.#K#5###.#
#........
#<.............@55...#
#####.##
#..####.######.#####'#
#.# ##..# ##.## ###
#5# #.# ....###...##
#.. ..# ##.###.....#
### #.##.......#
#...........
####.......# ##.....#


You could see Pikel and 4 lemures.

Vanquished Creatures
  An elf zombie (Ossuary)
  A centaur zombie (Ossuary)
  A hound (D:3)
  A jelly (D:4)
  2 human zombies (Ossuary)
  An orc wizard (D:4)
  2 mummies (Ossuary)
  4 adders
  An adder zombie (Ossuary)
  2 worms
  2 dart slugs (D:3)
  10 orcs
  12 endoplasms
  3 giant cockroaches
  11 hobgoblins
  10 jackals
  4 quokkas
  2 ball pythons
  4 bats
  6 frilled lizards
  8 goblins
  A goblin zombie (Ossuary)
  7 hobgoblin zombies (Ossuary)
  6 kobolds
  12 kobold zombies (Ossuary)
  11 orc zombies (Ossuary)
  6 rats
  A rat zombie (Ossuary)
132 creatures vanquished.

Notes
Turn   | Place    | Note
-------+----------+-------------------------------------------
     0 | D:1      | voltaire321 the Kobold Enchanter began the quest for the
                  | Orb.
     0 | D:1      | Reached XP level 1. HP: 10/10 MP: 3/3
   209 | D:1      | Reached XP level 2. HP: 16/16 MP: 5/5
   287 | D:1      | Reached XP level 3. HP: 15/20 MP: 6/6
   749 | D:1      | Found a faded altar of an unknown god.
   755 | D:1      | Got Plato's Writings on the Jaunt
   904 | D:1      | Reached skill level 1 in Fighting
  1518 | D:2      | Reached XP level 4. HP: 25/25 MP: 7/7
  2777 | D:3      | Reached XP level 5. HP: 29/29 MP: 8/8
  2781 | D:3      | Learned a level 2 spell: Ensorcelled Hibernation
  3368 | D:3      | Found an iron altar of Okawaru.
  3799 | D:4      | Found a sand-covered staircase.
  3805 | Ossuary  | Entered an ossuary
  4051 | Ossuary  | Reached skill level 5 in Stealth
  4051 | Ossuary  | Reached XP level 6. HP: 35/35 MP: 10/10
  4096 | Ossuary  | Reached skill level 1 in Ice Magic
  4253 | Ossuary  | Learned a level 3 spell: Tukima's Dance
  4477 | Ossuary  | Reached XP level 7. HP: 40/40 MP: 11/11
  4607 | D:4      | Identified the +7 quarterstaff "Bear Cevutt" {venom, rF+
                  | rN+ Int+2}
  4881 | D:4      | Found an ancient bone altar of Kikubaaqudgha.
  5043 | D:4      | Noticed Pikel
  5069 | D:4      | Slain by a lemure

Illustrated notes

Levels and vault maps discovered:
D:1:      saegor_arrival_miasma, layout_loops_cross,
          shapermc_ecumenical_altar_rom_forum, skrybe_limestone_x,
          minmay_heptomino_h4
D:2:      layout_loops_ring, minmay_quadrilaterals
D:3:      layout_loops_ring, mainiacjoe_overflow_concentric_impassable
D:4:      layout_loops_ring, tgw_kikubaaqudgha, nicolae_ossuary_entry_ruins,
          minmay_misc_feat_encased, minmay_statues_item, uniq_pikel

Skill      XL: |  1  2  3  4  5  6  7 |
---------------+----------------------+-----
Short Blades   | 2 3 |  3.8
Fighting       | 1 2 |  2.6
Dodging        | 3 4 |  4.1
Stealth        | 5 |  5.5
Spellcasting   | 3 |  3.3
Ice Magic      | 1 |  1.7
Hexes          | 4 |  4.0

Action                   |  1- 3 |  4- 6 |  7- 9 || total
-------------------------+-------+-------+-------++-------
Melee: Dagger            |    80 |   398 |    55 ||   533
       Punch             |       |     4 |     2 ||     6
 Cast: Ensorcelled Hiber |       |       |     1 ||     1
  Use: Potion            |       |     2 |       ||     2
 Stab: Sleeping          |    17 |    28 |     6 ||    51
       Distracted        |     1 |       |     1 ||     2
Armor: Robe              |     5 |    54 |    10 ||    69
Dodge: Dodged            |    44 |   228 |    28 ||   300
